 Dungeon Crawl Stone Soup version 0.29.1-1-gd02db6906a (webtiles) character file.

Game seed: 11794796001496097357

1 xian the Firebug (level 1, 0/13 HPs)
             Began as a Demonspawn Fire Elementalist on Oct 11, 2022.
             Slain by a jackal (3 damage)
             ... on level 1 of the Dungeon.
             The game lasted 00:00:17 (83 turns).

xian the Firebug (Demonspawn Fire Elementalist)       Turns: 83, Time: 00:00:17

Health: 0/13       AC:  2    Str:  8    XL:     1   Next: 16%
Magic:  2/3        EV: 12    Int: 16    God:
Gold:   2          SH:  0    Dex: 13    Spells: 3/4 levels left

rFire   . . .      SeeInvis .   (no weapon)
rCold   . . .      Faith    .   (no shield)
rNeg    . . .      Spirit   .   a - +0 robe
rPois   .          Reflect  .   (no helmet)
rElec   .          Harm     .   (no cloak)
rCorr   .          Rampage  .   (no gloves)
Will    .....                   (no boots)
Stlth   ++........              (no amulet)
HPRegen 0.04/turn               (no ring)
MPRegen 0.08/turn               (no ring)

@: no status effects
A: no striking features
a: no special abilities


You were on level 1 of the Dungeon.
You visited 1 branch of the dungeon, and saw 1 of its levels.

You collected 2 gold pieces.

Inventory:

Armour
 a - a +0 robe (worn)
Scrolls
 c - a scroll of identify {unknown}
Potions
 b - a potion of magic


   Skills:
 + Level 1.8 Dodging
 + Level 1.7 Stealth
 + Level 2.0 Spellcasting
 + Level 1.0 Conjurations
 + Level 2.6 Fire Magic


You had 3 spell levels left.
You knew the following spells:

 Your Spells              Type           Power      Damage    Failure   Level
a - Foxfire               Conj/Fire      28%        2x1d5     10%         1

Your spell library contained the following spells:

 Spells                   Type           Power      Damage    Failure   Level
 Scorch                   Fire           20%        2d6       11%         2
 Conjure Flame            Conj/Fire      7%         6-21      28%         3
 Inner Flame              Hex/Fire       5%         N/A       34%         3
 Flame Wave               Conj/Fire      7%         2d5       67%         4


Dungeon Overview and Level Annotations

Branches:
Dungeon (1/15)

Altars:


Message History

The frilled lizard hisses angrily.
The foxfire hits the frilled lizard.
The frilled lizard is moderately wounded.
The frilled lizard closely misses you.
You hit the frilled lizard.
The frilled lizard is severely wounded.
The frilled lizard bites you.
You barely miss the frilled lizard.
The frilled lizard is severely wounded.
The frilled lizard closely misses you.
You hit the frilled lizard.
You kill the frilled lizard!
A jackal comes into view.
The jackal barks!
A jackal comes into view.
The jackal barks!
You hit the jackal but do no damage. The jackal bites you.
You barely miss the jackal. The jackal barely misses you.
The jackal closely misses you. The jackal barely misses you.
You hit the jackal but do no damage. The jackal barely misses you.
The jackal bites you.
You hit the jackal but do no damage. The jackal barely misses you.
The jackal bites you.
You barely miss the jackal. The jackal barely misses you. The jackal bites you.
The jackal closely misses you. The jackal barely misses you.
You hit the jackal but do no damage.
The jackal bites you but does no damage.
The jackal closely misses you. The jackal attacks as you move away!
The jackal barely misses you. The jackal attacks as you move away!
The jackal completely misses you.
The jackal bites you but does no damage.
Unknown command.
The jackal attacks as you move away! The jackal bites you.
* * * LOW HITPOINT WARNING * * *
The jackal attacks as you move away! The jackal closely misses you.
You are too injured to fight recklessly!
Casting: Foxfire (safe; 10% risk of failure)
Confirm with . or Enter, or press ? or * to list all spells.
You conjure some foxfire!
The jackal bites you.
You die...

#......#
.######..###.#
.........# #..
######...###..
#.#......
#.###.##. #.#
#.##.
##########.#
#....
#@v........#
####.
#h##########
#.. #.# #..
#h# ##.
#.........# +.
#.#.#.###.# ##
#.#.#.# + #
#.# # # #.# #


You could see 2 jackals.

Vanquished Creatures
  2 frilled lizards (D:1)
2 creatures vanquished.

Vanquished Creatures (others)
  2 foxfires (D:1)
2 creatures vanquished.

Grand Total: 4 creatures vanquished

Notes
Turn   | Place    | Note
-------+----------+-------------------------------------------
     0 | D:1      | xian the Demonspawn Fire Elementalist began the quest for
                  | the Orb.
     0 | D:1      | Reached XP level 1. HP: 13/13 MP: 3/3
    83 | D:1      | Slain by a jackal

Illustrated notes

Levels and vault maps discovered:
D:1:      dpeg_arrival_short_road, layout_loops_ring,
          nicolae_ecumenical_snake_handling

Action                   || total
-------------------------++-------
Melee: Unarmed           ||    11
 Cast: Foxfire           ||     3
Armor: Robe              ||     3
Dodge: Dodged            ||    15
